 Dungeon Crawl Stone Soup version 0.26-a0-28-gc929df5585 (webtiles) character file.

Game seed: 13440520287162089814, levelgen mode: deterministic

4 Forecaster the Magician (level 1, 0/15 HPs)
             Began as a Naga Wizard on May 28, 2020.
             Slain by a giant cockroach (2 damage)
             ... on level 1 of the Dungeon.
             The game lasted 00:00:53 (72 turns).

Forecaster the Magician (Naga Wizard)                 Turns: 72, Time: 00:00:53

Health: 0/15       AC:  1    Str:  9    XL:     1   Next: 70%
Magic:  1/4        EV: 10    Int: 18    God:
Gold:   9          SH:  0    Dex:  9    Spells: 5/6 levels left

rFire    . . .     SeeInvis +   e - +0 dagger
rCold    . . .     Gourm    .   (no shield)
rNeg     . . .     Faith    .   a - +0 robe
rPois    +         Spirit   .   b - +0 hat
rElec    .         Reflect  .   (no cloak)
rCorr    .         Harm     .   (no gloves)
MR       .....                  (no barding)
Stlth    ++........             (no amulet)
HPRegen  0.05/turn              (no ring)
MPRegen  0.09/turn              (no ring)

@: very slow
A: large, see invisible, deformed body, poison resistance, slowness 2, slow
metabolism 1, spit poison 1, AC +0
a: Spit Poison


You were on level 1 of the Dungeon.
You were not hungry.

You visited 1 branch of the dungeon, and saw 1 of its levels.

You collected 9 gold pieces.

Inventory:

Hand Weapons
 e - a +0 dagger (weapon)
Armour
 a - a +0 robe (worn)
 b - a +0 hat (worn)
Scrolls
 c - a scroll of identify {unknown}
Comestibles
 d - 2 rations
 f - a chunk of flesh


   Skills:
 + Level 1.5 Dodging
 + Level 3.0 Stealth
 + Level 3.2 Spellcasting
 + Level 1.0 Conjurations
   Level 1.0 Summonings
   Level 1.0 Translocations


You had 5 spell levels left.
You knew the following spells:

 Your Spells              Type           Power        Failure   Level  Hunger
a - Magic Dart            Conj           #...         11%         1    None

Your spell library contained the following spells:

 Spells                   Type           Power        Failure   Level  Hunger
 Blink                    Tloc           N/A          16%         2    ##.....
 Call Imp                 Summ           #.......     16%         2    ##.....
 Slow                     Hex            #.......     24%         2    ##.....
 Conjure Flame            Conj/Fire      #.......     36%         3    ###....
 Mephitic Cloud           Conj/Pois/Air  #.......     38%         3    ###....


Dungeon Overview and Level Annotations

Branches:
Dungeon (1/15)

Altars:


Innate Abilities, Weirdness & Mutations

You cannot wear boots.
Your serpentine skin is tough. (AC +0)
You have supernaturally acute eyesight. (SInv)
Armour fits poorly on your strangely shaped body.
Your system is resistant to poisons. (rPois)
You cover ground very slowly.
You have a slow metabolism.
You can spit poison.


Message History

You barely miss the goblin.
The goblin is severely wounded.
The goblin barely misses you.
You barely miss the goblin.
The goblin is severely wounded.
The goblin hits you.
You barely miss the goblin.
The goblin is severely wounded.
The goblin hits you.
You closely miss the goblin.
The goblin is severely wounded.
The goblin hits you.
* * * LOW HITPOINT WARNING * * *
You hit the goblin.
You kill the goblin!
You closely miss the giant cockroach. The giant cockroach misses you.
You hit the giant cockroach.
The giant cockroach is moderately wounded.
The giant cockroach bites you.
You die...

##....##...###.............
#.........#######..##.#####
.....#####.....รท...#.....#
..#### ###..............
### ##..####.#.......
#......[.#...#.##
#..............
...#.###$..#.####
.......s@$...(#
##########...### ##.## #.#
.# ##


You could see a giant cockroach.

Vanquished Creatures
  A leopard gecko (D:1)
  A goblin (D:1)
  A kobold (D:1)
3 creatures vanquished.

Notes
Turn   | Place    | Note
-------+----------+-------------------------------------------
     0 | D:1      | Forecaster the Naga Wizard began the quest for the Orb.
     0 | D:1      | Reached XP level 1. HP: 15/15 MP: 4/4
    72 | D:1      | Slain by a giant cockroach

Illustrated notes

Levels and vault maps discovered:
D:1:      dpeg_arrival_round_c, layout_loops_ring

Action                   || total
-------------------------++-------
Melee: Dagger            ||    12
 Cast: Magic Dart        ||     7
Dodge: Dodged            ||     6

Table legend:
 A = Non-vault XP
 B = Vault XP
 C = Vault XP percentage of total XP
 D = Non-vault monster count
 E = Vault monster count
 F = Vault count percentage of total count
                 A         B        C        D         E       F
            +---------+---------+-------+---------+---------+-------
      Total |       7 |       0 |   0.0 |       3 |       0 |   0.0
            +---------+---------+-------+---------+---------+-------
        D:1 |       7 |       0 |   0.0 |       3 |       0 |   0.0
            +---------+---------+-------+---------+---------+-------
